 Dungeon Crawl Stone Soup version 0.28.0-53-g5a82cb258f (webtiles) character file.

Game seed: 14688432253458916115

9044 MisterFreud the Covert (level 11, -9/89 HPs)
             Began as a Gnoll Delver on July 13, 2022.
             Was a Follower of Uskayaw.
             Mangled by a minotaur
             ... wielding the +8 flail "Wuroc" {speed, rElec Stlth+}
              (14 damage)
             ... in a Gauntlet.
             The game lasted 00:16:13 (10669 turns).

MisterFreud the Covert (Gnoll Delver)              Turns: 10669, Time: 00:16:14

Health: -9/89      AC: 13    Str: 15    XL:     11   Next: 40%
Magic:  20/20      EV: 18    Int: 13    God:    Uskayaw [*.....]
Gold:   577        SH:  7    Dex: 14    Spells: 22/22 levels left

rFire   . . .      SeeInvis .   n - +3 dagger (venom)
rCold   . . .      Faith    .   L - +2 buckler
rNeg    . . .      Spirit   .   F - +1 troll leather armour
rPois   .          Reflect  .   (no helmet)
rElec   .          Harm     .   E - +0 cloak
rCorr   +          Rampage  .   V - +1 pair of gloves {Str+3}
Will    .....      NoTele   +   (no boots)
Stlth   +++++.....              (no amulet)
HPRegen 1.04/turn               k - ring of Past Mistakes {rCorr AC+4}
MPRegen 0.17/turn               q - +4 ring of evasion

@: mighty
A: fangs 1, strong nose, distributed training
a: Renounce Religion, Stomp


You were in a Gauntlet.
You worshipped Uskayaw.
Uskayaw was noncommittal.
You visited 2 branches of the dungeon, and saw 12 of its levels.
You also visited: Gauntlet.

You collected 602 gold pieces.
You spent 25 gold pieces at shops.

Inventory:

Hand Weapons
 a - a +0 vampiric short sword
 n - a +3 dagger of venom (weapon)
 J - a +0 scimitar of flaming
 T - a +5 morningstar of freezing
Missiles
 j - 36 poisoned darts (quivered)
 o - 8 javelins
 Q - a curare-tipped dart
 R - 9 boomerangs
Armour
 E - a +0 cloak (worn)
 F - a +1 troll leather armour (worn)
 L - a +2 buckler (worn)
 M - +0 acid dragon scales
 S - the +3 ring mail "Lothreh" {Str+4 Int+3}
   (You found it on level 8 of the Dungeon)

   Str:       It affects your strength (+4).
   Int:       It affects your intelligence (+3).
 V - a +1 pair of gloves of strength (worn)
Jewellery
 k - the ring of Past Mistakes (left hand) {rCorr AC+4}
   (You acquired it on level 4 of the Dungeon)

   [ring of protection]

   AC:        It affects your AC (+4).
   rCorr:     It protects you from acid and corrosion.
 q - a +4 ring of evasion (right hand)
 H - an amulet of magic regeneration
 N - a +6 ring of strength
 U - a ring of flight
Wands
 g - a wand of digging (7)
 y - a wand of polymorph (8)
 B - a wand of iceblast (15)
 I - a wand of acid (10)
 P - a wand of charming (8)
Scrolls
 c - 3 scrolls of fog
 d - 2 scrolls of magic mapping
 e - 5 scrolls of fear
 h - a scroll of torment
 m - 3 scrolls of enchant weapon
 p - 4 scrolls of teleportation
 s - 4 scrolls of blinking
 w - a scroll of brand weapon
 G - 2 scrolls of enchant armour
 K - a scroll of holy word
Potions
 f - 3 potions of haste
 i - 2 potions of cancellation
 l - a potion of magic
 r - 5 potions of curing
 t - a potion of heal wounds
 v - 3 potions of flight
 x - a potion of ambrosia
 z - a potion of might
 A - a potion of mutation {unknown}
 C - a potion of brilliance
 D - 2 potions of attraction
 O - a potion of invisibility {unknown}


   Skills:
 + Level 9.1 Fighting
 + Level 7.8 Short Blades
 + Level 6.2 Long Blades
 + Level 6.2 Axes
 + Level 6.2 Maces & Flails
 + Level 6.2 Polearms
 + Level 6.2 Staves
 + Level 6.2 Slings
 + Level 6.2 Bows
 + Level 6.2 Crossbows
 + Level 6.2 Throwing
 + Level 6.2 Armour
 + Level 7.8 Dodging
 + Level 11.4 Stealth
 + Level 6.2 Shields
 + Level 6.2 Unarmed Combat
 + Level 6.2 Spellcasting
 + Level 5.2 Conjurations
 + Level 5.2 Hexes
 + Level 5.2 Summonings
 + Level 5.2 Necromancy
 + Level 5.2 Translocations
 + Level 5.2 Transmutations
 + Level 5.2 Fire Magic
 + Level 5.2 Ice Magic
 + Level 5.2 Air Magic
 + Level 5.2 Earth Magic
 + Level 5.2 Poison Magic
 + Level 6.9 Invocations
 + Level 6.2 Evocations


You had 22 spell levels left.
You didn't know any spells.
Your spell library contained the following spells:

 Spells                   Type           Power      Damage    Failure   Level
 Sandblast                Erth           34%        2d9       3%          1
 Slow                     Hex            68%        N/A       3%          1
 Passwall                 Tmut/Erth      14%        N/A       4%          2
 Confusing Touch          Hex            17%        N/A       9%          3
 Gell's Gravitas          Tloc           17%        N/A       9%          3
 Lesser Beckoning         Tloc           17%        N/A       9%          3
 Stone Arrow              Conj/Erth      34%        3d9       9%          3
 Teleport Other           Tloc           17%        N/A       9%          3
 Vampiric Draining        Necr           17%        2d7       9%          3
 Animate Armour           Summ/Erth      34%        N/A       28%         4
 Summon Lightning Spire   Summ/Air       17%        N/A       28%         4
 Yara's Violent Unravell  Hex/Tmut       8%         3d5       63%         5
 Enfeeble                 Hex            8%         N/A       100%        7
 Storm Form               Tmut/Air       8%         N/A       100%        7
 Lehudib's Crystal Spear  Conj/Erth      8%         10d4      100%        8
 Maxwell's Capacitive Co  Air            8%         ∞         100%        8


Dungeon Overview and Level Annotations

Branches:
Dungeon (11/15)            Temple (0/1) D:4            Lair (0/6) D:9
    Orc (1/2) D:9         Gauntlet (1/1)

Altars:
Ashenzari
Cheibriados
Dithmenos
Elyvilon
Fedhas
Kikubaaqudgha
Okawaru
Qazlal
Sif Muna
Trog
Uskayaw
Xom
Yredelemnul
Zin
The Shining One

Shops:
D:5 *   D:7 *

Annotations:
Gauntlet 5 transporters, exclusion: orange crystal statue


Innate Abilities, Weirdness & Mutations

You have very sharp teeth.
Your uncanny sense of smell can sniff out nearby items.
Your experience applies equally to all skills.


Message History

You barely miss something. You bite something.
The shadow strikes at you from the darkness!
* * * LOW HITPOINT WARNING * * *
Reactivating autopickup.
Uskayaw will force your foes to helplessly watch your dance.
Uskayaw prepares the audience for your solo!
The helpless shadow fails to defend itself.
You skewer the shadow like a kebab!!!!
You destroy the shadow!
You start resting.
A shadow appears from thin air!
You start resting.
HP restored.
There is a transporter landing site, spattered with blood here.
Found a fine amber ring.
You open the door.
A minotaur comes into view.
It is wielding the +8 flail "Wuroc" {speed, rElec Stlth+} and wearing the +3 swamp dragon scales of the Valley of Death {Harm rPois Will+ MP-9 Dex+3}.
Found Uffig's Catalogue of Doomed Snow and a chain mail.
You start waiting.
A minotaur is nearby!
You block the minotaur's attack. The minotaur gores you.
You hit the minotaur but do no damage. You block the minotaur's attack.
The minotaur gores you.
You feel very mighty all of a sudden. You block the minotaur's attack.
The minotaur misses you. x2
The minotaur gores you!
You hit the minotaur but do no damage.
The minotaur hits you with the +8 flail "Wuroc" {speed, rElec Stlth+}!!
The minotaur gores you!
You hit the minotaur but do no damage. You bite the minotaur.
The minotaur is lightly wounded.
The minotaur hits you with the +8 flail "Wuroc" {speed, rElec Stlth+}!!
* * * LOW HITPOINT WARNING * * *
The minotaur closely misses you.
You puncture the minotaur!
The minotaur is poisoned.
The minotaur is lightly wounded.
The minotaur hits you with the +8 flail "Wuroc" {speed, rElec Stlth+}.
* * * LOW HITPOINT WARNING * * *
The minotaur gores you!
You die...

.#.#[ #.#.#=#.§##
D#l#.##..§ ##########
#######..###.. .....#
.........##..###.##.##
#######..#..........8#
##..###..#...#.#.....#
..##.W#.8#.©.#.#.#####
##.#WW#..#...#..@# ∆ ∆
.#W.#W#.∩#.©.###.H......
#.#.#(#..#...# ..#8.8:8[
#.W##.#.8#.©.#.#.#######
.##..##..#...#.#..
#######..#.... ...
.........##..###.##
#######..###.. ...
##....#..≈ ####


You could see a minotaur (very poisoned).

Vanquished Creatures
  Erica (D:8)
  A two-headed ogre (D:10)
  An oklob plant (Gauntlet)
  A manticore (D:11)
  2 kobold demonologists (D:11)
  A polar bear (shapeshifter) (D:10)
  A troll (D:7)
  A hornet (D:10)
  Grinder (D:6)
  3 shadows
  2 wraiths (D:9)
  2 wyverns (D:8)
  3 swamp worms (Gauntlet)
  5 acid dragons
  3 water moccasins
  3 ice beasts
  3 orc warriors (D:9)
  A black bear (D:8)
  A necrophage (D:4)
  2 ogres
  3 centaurs
  4 kobold brigands
  A bullfrog (D:7)
  10 killer bees
  An electric eel (D:9)
  A howler monkey (D:10)
  8 wights
  A gnoll shaman (D:7)
  A centaur skeleton (D:6)
  3 centaur zombies
  A bullfrog skeleton (D:5)
  4 orc priests
  4 hounds
  2 jellies
  2 iguanas
  12 orc wizards
  A killer bee zombie (D:5)
  A hound zombie (D:5)
  A hound skeleton (D:4)
  A howler monkey zombie (D:9)
  5 adders
  7 gnolls
  A white imp (D:7)
  An ufetubus (D:4)
  An adder zombie (D:5)
  5 worms
  A dart slug (D:2)
  42 orcs
  12 endoplasms
  4 giant cockroaches
  11 goblins
  7 hobgoblins
  8 jackals
  2 quokkas
  3 ball pythons
  4 bats (D:1)
  3 frilled lizards
  6 kobolds
  4 rats
227 creatures vanquished.

Vanquished Creatures (others)
  An orc (D:9)
1 creature vanquished.

Grand Total: 228 creatures vanquished

Notes
Turn   | Place    | Note
-------+----------+-------------------------------------------
     0 | D:5      | Reached skill level 9 in Stealth
     0 | D:5      | MisterFreud the Gnoll Delver began the quest for the Orb.
     0 | D:5      | Reached XP level 1. HP: 23/23 MP: 1/1
     1 | D:6      | Noticed an ice beast
     2 | D:6      | Killed an ice beast
     3 | D:6      | Reached skill level 1 in Long Blades
     3 | D:6      | Reached skill level 1 in Axes
     3 | D:6      | Reached skill level 1 in Maces & Flails
     3 | D:6      | Reached skill level 1 in Polearms
     3 | D:6      | Reached skill level 1 in Staves
     3 | D:6      | Reached skill level 1 in Slings
     3 | D:6      | Reached skill level 1 in Bows
     3 | D:6      | Reached skill level 1 in Crossbows
     3 | D:6      | Reached skill level 1 in Throwing
     3 | D:6      | Reached skill level 1 in Armour
     3 | D:6      | Reached skill level 1 in Shields
     3 | D:6      | Reached skill level 1 in Unarmed Combat
     3 | D:6      | Reached skill level 1 in Spellcasting
     3 | D:6      | Reached skill level 1 in Conjurations
     3 | D:6      | Reached skill level 1 in Hexes
     3 | D:6      | Reached skill level 1 in Summonings
     3 | D:6      | Reached skill level 1 in Necromancy
     3 | D:6      | Reached skill level 1 in Translocations
     3 | D:6      | Reached skill level 1 in Transmutations
     3 | D:6      | Reached skill level 1 in Fire Magic
     3 | D:6      | Reached skill level 1 in Ice Magic
     3 | D:6      | Reached skill level 1 in Air Magic
     3 | D:6      | Reached skill level 1 in Earth Magic
     3 | D:6      | Reached skill level 1 in Poison Magic
     3 | D:6      | Reached skill level 1 in Invocations
     3 | D:6      | Reached skill level 1 in Evocations
     3 | D:6      | Reached XP level 2. HP: 29/29 MP: 1/3
     3 | D:6      | Reached XP level 3. HP: 35/35 MP: 1/4
     3 | D:6      | Reached XP level 4. HP: 41/41 MP: 1/5
   402 | D:1      | Found a faded altar of an unknown god.
   414 | D:1      | Prayed at the altar of an unknown god.
   414 | D:1      | Became a worshipper of Uskayaw the Reveller
   414 | D:1      | Reached * piety under Uskayaw
   502 | D:1      | Reached XP level 5. HP: 47/47 MP: 6/6
  1088 | D:2      | Reached ** piety under Uskayaw
  2402 | D:3      | Found a shadowy altar of Dithmenos.
  2550 | D:4      | Reached XP level 6. HP: 45/53 MP: 8/8
  2570 | D:4      | Reached *** piety under Uskayaw
  2723 | D:4      | Found a staircase to the Ecumenical Temple.
  2771 | D:4      | Noticed a necrophage
  2789 | D:4      | Killed a necrophage
  2790 | D:4      | Reached skill level 5 in Short Blades
  2790 | D:4      | Reached skill level 5 in Dodging
  2829 | D:4      | Found a blossoming altar of Fedhas.
  2864 | D:4      | Identified a scroll of acquirement
  2864 | D:4      | Acquired the ring of Past Mistakes {rCorr AC+4}
  3063 | D:4      | Found a basalt altar of Yredelemnul.
  3249 | D:4      | Found a shimmering altar of Xom.
  3418 | D:5      | Reached XP level 7. HP: 57/59 MP: 10/10
  3473 | D:5      | Found Aqask's Lightly-Used Armoury.
  3654 | D:5      | Reached skill level 10 in Stealth
  3737 | D:5      | Found an ancient bone altar of Kikubaaqudgha.
  3899 | D:5      | Found a broken altar of Ashenzari.
  3917 | D:5      | Reached XP level 8. HP: 65/67 MP: 12/12
  4099 | D:5      | Found a shimmering blue altar of Sif Muna.
  4279 | D:5      | Noticed a moth of wrath
  4283 | D:5      | Found a bloodstained altar of Trog.
  4718 | D:6      | Found an iron altar of Okawaru.
  4857 | D:6      | Found a glowing silver altar of Zin.
  4884 | D:6      | Noticed Grinder
  4901 | D:6      | Paralysed by Grinder for 5 turns
  4903 | D:6      | Killed Grinder
  5050 | D:6      | Found a snail-covered altar of Cheibriados.
  5820 | D:7      | Noticed a troll
  5838 | D:7      | Killed a troll
  5839 | D:7      | Reached XP level 9. HP: 14/73 MP: 14/14
  6216 | D:7      | Reached **** piety under Uskayaw
  6536 | D:7      | Found a white marble altar of Elyvilon.
  6692 | D:7      | Found Tucrapn's Assorted Antiques.
  6695 | D:7      | Bought a scroll labelled NYNOLI WOSTUW for 25 gold pieces
  7046 | D:8      | Noticed Erica
  7053 | D:8      | Killed Erica
  7054 | D:8      | Reached skill level 5 in Invocations
  7276 | D:8      | Reached XP level 10. HP: 80/80 MP: 17/17
  7732 | D:8      | Identified the +3 ring mail "Lothreh" {Str+4 Int+3}
  7889 | D:9      | Found a stormy altar of Qazlal.
  7906 | D:8      | Reached skill level 5 in Long Blades
  7906 | D:8      | Reached skill level 5 in Axes
  7906 | D:8      | Reached skill level 5 in Maces & Flails
  7906 | D:8      | Reached skill level 5 in Polearms
  7906 | D:8      | Reached skill level 5 in Staves
  7906 | D:8      | Reached skill level 5 in Slings
  7906 | D:8      | Reached skill level 5 in Bows
  7906 | D:8      | Reached skill level 5 in Crossbows
  7906 | D:8      | Reached skill level 5 in Throwing
  7906 | D:8      | Reached skill level 5 in Armour
  7906 | D:8      | Reached skill level 5 in Shields
  7906 | D:8      | Reached skill level 5 in Unarmed Combat
  7906 | D:8      | Reached skill level 5 in Spellcasting
  7906 | D:8      | Reached skill level 5 in Evocations
  8323 | D:9      | Reached ***** piety under Uskayaw
  8341 | D:9      | Found a staircase to the Lair.
  8513 | D:9      | Noticed a +0 hand axe
  8513 | D:9      | Noticed a +0 dagger
  8614 | D:9      | Found a hide-covered altar of Uskayaw.
  8683 | D:9      | Reached skill level 11 in Stealth
  8769 | D:9      | Found a staircase to the Orcish Mines.
  9040 | Orc:1    | Entered Level 1 of the Orcish Mines
  9040 | Orc:1    | Noticed an orc high priest
  9040 | Orc:1    | Noticed an orc sorcerer
  9068 | D:10     | Entered Level 10 of the Dungeon
  9461 | D:10     | Noticed a two-headed ogre
  9463 | D:10     | Killed a two-headed ogre
  9499 | D:10     | Found a glowing golden altar of the Shining One.
  9720 | D:10     | Reached XP level 11. HP: 87/87 MP: 19/19
  9980 | D:11     | Found a gate leading to a gauntlet.
  9989 | D:11     | Noticed a manticore
 10029 | D:11     | Reached skill level 5 in Conjurations
 10029 | D:11     | Reached skill level 5 in Hexes
 10029 | D:11     | Reached skill level 5 in Summonings
 10029 | D:11     | Reached skill level 5 in Necromancy
 10029 | D:11     | Reached skill level 5 in Translocations
 10029 | D:11     | Reached skill level 5 in Transmutations
 10029 | D:11     | Reached skill level 5 in Fire Magic
 10029 | D:11     | Reached skill level 5 in Ice Magic
 10029 | D:11     | Reached skill level 5 in Air Magic
 10029 | D:11     | Reached skill level 5 in Earth Magic
 10029 | D:11     | Reached skill level 5 in Poison Magic
 10044 | D:11     | Killed a manticore
 10139 | Gauntlet | Entered a Gauntlet
 10139 | Gauntlet | Found a transporter.
 10139 | Gauntlet | Found a transporter.
 10145 | Gauntlet | Found a transporter.
 10145 | Gauntlet | Found a transporter.
 10148 | Gauntlet | Found a transporter.
 10221 | Gauntlet | Noticed a sixfirhy
 10305 | Gauntlet | Found a transporter.
 10379 | Gauntlet | Found a transporter.
 10379 | Gauntlet | Found a transporter.
 10379 | Gauntlet | Found a transporter.
 10379 | Gauntlet | Noticed an oklob plant
 10425 | Gauntlet | Killed an oklob plant
 10427 | Gauntlet | Noticed an orange crystal statue
 10452 | Gauntlet | Noticed a storm dragon
 10453 | Gauntlet | Noticed a four-headed hydra
 10453 | Gauntlet | a storm dragon changed into a four-headed hydra
 10456 | Gauntlet | a four-headed hydra changed into a tyrant leech
 10459 | Gauntlet | Noticed a bunyip
 10459 | Gauntlet | a slime creature changed into a bunyip
 10462 | Gauntlet | Noticed a four-headed hydra
 10463 | Gauntlet | Noticed a catoblepas
 10463 | Gauntlet | a four-headed hydra changed into a catoblepas
 10465 | Gauntlet | Noticed a minotaur
 10465 | Gauntlet | a catoblepas changed into a minotaur
 10469 | Gauntlet | Noticed an emperor scorpion
 10470 | Gauntlet | Noticed a dire elephant
 10470 | Gauntlet | an emperor scorpion changed into a dire elephant
 10481 | Gauntlet | Noticed a fire giant
 10481 | Gauntlet | a dire elephant changed into a fire giant
 10483 | Gauntlet | Noticed a stone giant
 10483 | Gauntlet | a fire giant changed into a stone giant
 10488 | Gauntlet | Found a transporter.
 10497 | Gauntlet | Noticed a juggernaut
 10541 | Gauntlet | Found a transporter.
 10541 | Gauntlet | Noticed an iron giant
 10544 | Gauntlet | Noticed a shadow dragon
 10544 | Gauntlet | an iron giant changed into a shadow dragon
 10546 | Gauntlet | Noticed a caustic shrike
 10546 | Gauntlet | a shadow dragon changed into a caustic shrike
 10547 | Gauntlet | Noticed a shadow dragon
 10547 | Gauntlet | a caustic shrike changed into a shadow dragon
 10552 | Gauntlet | Noticed a fenstrider witch
 10552 | Gauntlet | a shadow dragon changed into a fenstrider witch
 10555 | Gauntlet | Noticed a shadow dragon
 10555 | Gauntlet | a fenstrider witch changed into a shadow dragon
 10657 | Gauntlet | Identified the +8 flail "Wuroc" {speed, rElec Stlth+}
 10657 | Gauntlet | Identified the +3 swamp dragon scales of the Valley of
                  | Death {Harm rPois Will+ MP-9 Dex+3}
 10657 | Gauntlet | Noticed a minotaur
 10669 | Gauntlet | Mangled by a minotaur

Illustrated notes

Levels and vault maps discovered:
D:1:      mrwooster_arrival_statue_2, layout_basic,
          chequers_ecumenical_altar_simple_redux
D:2:      layout_loops_corners
D:3:      layout_basic, marbit_many_paths, dk_noncrumbling_3
D:4:      layout_rooms, mainiacjoe_overflow_cross_hatched, kennysheep_mini_moat,
          lemuel_coloured_pillars_altar, minmay_temple_entry_junction,
          chequers_serial_rivers_micro_c, serial_park_tiny_1
D:5:      layout_basic, tgw_trog, cheibrodos_ashenzari_chains,
          amcnicky_altar_gilded, kennysheep_flooded_box, minmay_shop_damaged
D:6:      layout_basic, okawaru_gym_becter, mainiacjoe_overflow_boulevard,
          zin_treasury, grunt_ministairs_14, grunt_decor_one_mirror,
          uniq_grinder
D:7:      layout_loops_ring, lemuel_round_altar, serial_shops,
          nicolae_shop_behind_doors, minmay_crystal_room, minmay_liquid_box,
          nicolae_zen_rock_garden
D:8:      layout_basic, uniq_erica
D:9:      layout_basic, dancing_weapons_uskayaw,
          mainiacjoe_overflow_small_starburst, lair_entry_dummy, david_orc_3
D:10:     layout_roguey, nicolae_overflow_crystal_walls
D:11:     layout_loops_cross, gauntlet_entry_generic, hangedman_feature_mirror
Orc:1:    layout_caves, serial_shops, shop, abandoned_shop
Gauntlet: gammafunk_gauntlet_mixed_choke_point [minmay_gauntlet_arena_77_braids,
          minmay_gauntlet_arena_77_terracotta_army,
          minmay_gauntlet_arena_77_box, nicolae_gauntlet_arena_quarters,
          minmay_gauntlet_arena_77_checkered, minmay_gauntlet_arena_77_mess,
          minmay_gauntlet_arena_77_fan, nicolae_gauntlet_exit_dead_adventurers]

Skill      XL: |  1  2  3  4  5  6  7  8  9 10 11 |
---------------+----------------------------------+-----
Stealth        | 10 11 | 11.4
Long Blades    | 1 2 3 4 5 6 |  6.2
Axes           | 1 2 3 4 5 6 |  6.2
Maces & Flails | 1 2 3 4 5 6 |  6.2
Polearms       | 1 2 3 4 5 6 |  6.2
Staves         | 1 2 3 4 5 6 |  6.2
Slings         | 1 2 3 4 5 6 |  6.2
Bows           | 1 2 3 4 5 6 |  6.2
Crossbows      | 1 2 3 4 5 6 |  6.2
Throwing       | 1 2 3 4 5 6 |  6.2
Armour         | 1 2 3 4 5 6 |  6.2
Shields        | 1 2 3 4 5 6 |  6.2
Unarmed Combat | 1 2 3 4 5 6 |  6.2
Spellcasting   | 1 2 3 4 5 6 |  6.2
Conjurations   | 1 2 3 4 5 |  5.2
Hexes          | 1 2 3 4 5 |  5.2
Summonings     | 1 2 3 4 5 |  5.2
Necromancy     | 1 2 3 4 5 |  5.2
Translocations | 1 2 3 4 5 |  5.2
Transmutations | 1 2 3 4 5 |  5.2
Fire Magic     | 1 2 3 4 5 |  5.2
Ice Magic      | 1 2 3 4 5 |  5.2
Air Magic      | 1 2 3 4 5 |  5.2
Earth Magic    | 1 2 3 4 5 |  5.2
Poison Magic   | 1 2 3 4 5 |  5.2
Invocations    | 1 2 3 4 5 6 |  6.9
Evocations     | 1 2 3 4 5 6 |  6.2
Short Blades   | 5 6 7 |  7.8
Dodging        | 5 6 7 |  7.8
Fighting       | 7 8 9 |  9.1

Action                   |  1- 3 |  4- 6 |  7- 9 | 10-12 || total
-------------------------+-------+-------+-------+-------++-------
Melee: Short sword       |     1 |    89 |       |       ||    90
       Bite              |       |    20 |    22 |   115 ||   157
       Punch             |       |     5 |    12 |       ||    17
       Dagger            |       |   150 |   246 |   739 ||  1135
  Use: Scroll            |       |     8 |     9 |     6 ||    23
       Potion            |       |       |       |     1 ||     1
 Stab: Sleeping          |     1 |    23 |    20 |     5 ||    49
       Distracted        |       |     1 |     1 |     3 ||     5
       Paralysed         |       |     2 |     4 |     5 ||    11
Armor: Leather armour    |       |    37 |    27 |       ||    64
       Troll leather arm |       |       |     7 |    97 ||   104
Dodge: Dodged            |       |   132 |   134 |   313 ||   579
Block: Buckler           |       |       |       |   155 ||   155
